 Dungeon Crawl Stone Soup version 0.23-a0-261-g133332c (console) character file.

50 bli the Ducker (level 3, -2/26 HPs)
             Began as an Octopode Monk on Sept 29, 2018.
             Slain by a centaur zombie (3 damage)
             ... on level 2 of the Dungeon.
             The game lasted 00:03:55 (1072 turns).

bli the Ducker (Octopode Monk)                      Turns: 1072, Time: 00:03:56

Health: -2/26      AC:  1    Str: 16    XL:     3   Next: 79%
Magic:  3/3        EV: 15    Int: 17    God:
Gold:   47         SH:  0    Dex: 16    Spells: 2/2 levels left

rFire    . . .     SeeInvis .     - Unarmed
rCold    . . .     Gourm    .   (no shield)
rNeg     . . .     Faith    .   (helmet restricted)
rPois    .         Spirit   .   (no amulet)
rElec    .         Reflect  .   (no ring)
rCorr    .         Harm     .   (no ring)
MR       .....                  (no ring)
Stlth    ++++......             (no ring)
HPRegen  0.08/turn              (no ring)
MPRegen  0.08/turn              (no ring)
                                (no ring)
                                (no ring)

@: mighty, brilliant, lethally poisoned (-2 -> -4)
A: almost no armour, stealthy swim, amphibious, 8 rings, constrict 8, tentacle
spike 1, camouflage 1, agile 1, gelatinous body 1
a: no special abilities


You were on level 2 of the Dungeon.
You were not hungry.

You visited 1 branch of the dungeon, and saw 2 of its levels.

You collected 47 gold pieces.

Inventory:

Missiles
 c - 28 sling bullets
 e - 44 stones (quivered)
 l - 8 tomahawks
Armour
 h - a +0 large shield
Wands
 m - a wand of polymorph (13)
Scrolls
 b - 6 scrolls of identify {unknown}
 i - a scroll of teleportation {unknown}
 j - a scroll of enchant armour {unknown}
Potions
 f - a potion of mutation
Comestibles
 a - 3 rations
 d - 16 chunks of flesh


   Skills:
 * Level 3.4 Fighting
 * Level 3.5 Dodging
 + Level 3.5 Stealth
 + Level 3.4 Unarmed Combat


You had 2 spell levels left.
You didn't know any spells.
Your spell library was empty.

Dungeon Overview and Level Annotations

Branches:
Dungeon (2/15)

Altars:


Innate Abilities, Weirdness & Mutations

You cannot wear most types of armour.
You are very stealthy in the water. (Stealth+)
You are amphibious.
You can wear up to eight rings at the same time.
You can use your tentacles to constrict eight enemies at once.
Your skin changes colour to match your surroundings (Stealth+).
Your rubbery body absorbs attacks. (AC +1, EV +1)
One of your tentacles bears a spike.
You are agile. (Dex +2)


Message History

You see here a goblin skeleton.
* * * LOW HITPOINT WARNING * * *
You feel sick.
* * * LOW HITPOINT WARNING * * *
You feel sick.
* * * LOW HITPOINT WARNING * * *
You feel sick.
* * * LOW HITPOINT WARNING * * *
You feel sick.
* * * LOW HITPOINT WARNING * * *
You feel sick.
* * * LOW HITPOINT WARNING * * *
You feel sick.
A centaur zombie comes into view.
Found a fizzy inky potion and 15 arrows.
* * * LOW HITPOINT WARNING * * *
You feel sick. The centaur zombie closely misses you.
The centaur zombie hits you.
You die...

##.......## #.........#
#.........# #.........#
#.........# #.........#
###### ##.......####..
.....#####.....Z@!.....#
...................#####
...................#
.##..#####.......(.#
###..### #...........
##...####...........
##...##.......####..
##.....####### ..
#...#..# # ##..##.###
..#####.#.....##


You could see a centaur zombie.

Vanquished Creatures
  An adder (D:2)
  A dart slug (D:1)
  3 giant cockroaches
  6 goblins
  4 hobgoblins
  4 jackals (D:2)
  A quokka (D:2)
  7 bats
  3 frilled lizards (D:1)
  A kobold (D:1)
  6 rats (D:1)
37 creatures vanquished.

Notes
Turn   | Place    | Note
-------+----------+-------------------------------------------
     0 | D:1      | bli the Octopode Monk began the quest for the Orb.
     0 | D:1      | Reached XP level 1. HP: 16/16 MP: 1/1
    78 | D:1      | Reached XP level 2. HP: 21/21 MP: 2/2
   507 | D:1      | Reached XP level 3. HP: 26/26 MP: 3/3
  1049 | D:2      | Gained mutation: You are agile. (Dex +2) [potion of
                  | mutation]
  1049 | D:2      | Gained mutation: One of your tentacles bears a spike.
                  | [potion of mutation]
  1065 | D:2      | HP: 1/26 [poisoned by an adder]
  1072 | D:2      | Slain by a centaur zombie

Vault maps used:
D:1:      dpeg_arrival_boxorama
D:2:      first_ration, minmay_pentomino_x2

Skill      XL: |  1  2 |
---------------+-------+-----
Stealth        | 3 |  3.5
Fighting       | |  3.4
Dodging        | |  3.5
Unarmed Combat | |  3.4

Action                   || total
-------------------------++-------
Melee: Unarmed           ||    62
       Tentacles         ||    12
       Constrict         ||    13
       Punch             ||     2
  Use: Potion            ||     3
 Stab: Sleeping          ||    18
Armor: Skin              ||     5
Dodge: Dodged            ||    27

Table legend:
 A = Non-vault XP
 B = Vault XP
 C = Vault XP percentage of total XP
 D = Non-vault monster count
 E = Vault monster count
 F = Vault count percentage of total count
                 A         B        C        D         E       F
            +---------+---------+-------+---------+---------+-------
      Total |      72 |       0 |   0.0 |      37 |       0 |   0.0
            +---------+---------+-------+---------+---------+-------
        D:1 |      39 |       0 |   0.0 |      25 |       0 |   0.0
        D:2 |      33 |       0 |   0.0 |      12 |       0 |   0.0
            +---------+---------+-------+---------+---------+-------
